General information
- name: BNet
- type: Ladder team game (AT/RT)
- host: Battle.net
- saver: GODIEPLZ
map: GnollWood
- players: 6
- length: 38:52
- speed: Fast
- version: 1.24 W3XP
- replay type: Public
» download(290 KB)
Players
team 1 (winner)
CoLeGePaRtYeR17 (
orange | 74 APM | 2648 actions | 35:40)
3 Archmage
2 Summon Water Elemental
1 Brilliance Aura
3 Mountain King
2 Storm Bolt
1 Bash
» actions
| Assign group hotkey | 55 | |
| Basic commands | 105 | |
| Build / train | 82 | |
| ESC pressed | 1 | |
| Enter build submenu | 45 | |
| Enter hero's abilities submenu | 6 | |
| Give item / drop item | 1 | |
| Right click | 1303 | |
| Select / deselect | 685 | |
| Select group hotkey | 262 | |
| Use ability | 103 | |
2648 total
» units
| Peasant | 10 | |
| Footman | 6 | |
| Dragonhawk Rider | 11 | |
| Siege Engine | 8 | |
35 total
» upgrades
| Masonry | 3 | |
| Lumber Harvesting | 1 | |
| Cloud | 1 | |
| Swords | 1 | |
| Plating | 3 | |
| Barrage | 1 | |
| Gunpowder | 3 | |
| Animal War Training | 1 | |
14 total
» buildings
| Altar of Kings | 1 | |
| Barracks | 1 | |
| Farm | 11 | |
| Scout Tower | 19 | |
| Arcane Tower | 4 | |
| Lumber Mill | 1 | |
| Guard Tower | 11 | |
| Keep | 1 | |
| Arcane Vault | 1 | |
| Gryphon Aviary | 2 | |
| Castle | 1 | |
| Blacksmith | 1 | |
| Workshop | 2 | |
56 total
» build order
00:05 Altar of Kings
00:13 Barracks
00:33 Farm
01:04 Farm
01:43 Scout Tower
02:18 Arcane Tower
02:40 Farm
03:04 Lumber Mill
03:21 Scout Tower
03:23 Scout Tower
03:26 Scout Tower
03:48 Guard Tower
03:49 Guard Tower
04:05 Guard Tower
04:53 Scout Tower
05:08 Scout Tower
05:21 Arcane Tower
05:23 Scout Tower
05:29 Scout Tower
05:34 Scout Tower
05:56 Arcane Tower
06:03 Guard Tower
06:23 Guard Tower
06:27 Scout Tower
06:27 Scout Tower
06:48 Scout Tower
06:50 Scout Tower
07:11 Guard Tower
07:21 Arcane Tower
07:21 Guard Tower
07:23 Scout Tower
07:24 Scout Tower
07:26 Scout Tower
07:27 Scout Tower
07:54 Guard Tower
08:33 Guard Tower
08:44 Farm
08:46 Farm
08:48 Keep
08:56 Arcane Vault
10:03 Farm
10:06 Scout Tower
10:07 Scout Tower
10:45 Farm
10:46 Guard Tower
11:04 Guard Tower
11:17 Gryphon Aviary
11:18 Gryphon Aviary
12:27 Castle
14:08 Blacksmith
17:38 Workshop
17:40 Workshop
23:14 Farm
23:16 Farm
23:17 Farm
23:18 Farm
» items
| Scroll of Regeneration | 2 | |
| Staff of Sanctuary | 1 | |
| Potion of Healing | 2 | |
5 total
CORRUPTEDEVIL (
purple | 86 APM | 3351 actions | 38:51)
5 Keeper of the Grove
3 Entangling Roots
2 Thorns Aura
4 Priestess of the Moon
2 Scout
2 Trueshot Aura
» actions
| Assign group hotkey | 174 | |
| Build / train | 92 | |
| ESC pressed | 2 | |
| Enter build submenu | 33 | |
| Enter hero's abilities submenu | 10 | |
| Give item / drop item | 1 | |
| Remove unit from queue | 4 | |
| Right click | 1028 | |
| Select / deselect | 452 | |
| Select group hotkey | 1440 | |
| Use ability | 114 | |
3351 total
» units
» upgrades
| Strength of the Wild | 3 | |
| Reinforced Hides | 4 | |
| Nature's Blessing | 1 | |
8 total
» buildings
| Altar of Elders | 1 | |
| Moon Well | 5 | |
| Tree of Ages | 1 | |
| Hunter's Hall | 1 | |
| Tree of Life | 6 | |
| Ancient Protector | 10 | |
| Ancient of Wind | 3 | |
| Tree of Eternity | 1 | |
| Ancient of Wonders | 1 | |
29 total
» build order
00:08 Altar of Elders
00:20 Moon Well
02:35 Tree of Ages
02:40 Hunter's Hall
02:42 Moon Well
02:44 Moon Well
03:05 Moon Well
04:13 Tree of Life
04:36 Ancient Protector
04:38 Ancient Protector
04:41 Ancient Protector
05:28 Tree of Life
06:42 Tree of Life
07:11 Tree of Life
07:23 Ancient of Wind
08:08 Ancient Protector
08:10 Ancient Protector
08:12 Ancient Protector
08:32 Ancient Protector
08:40 Ancient Protector
09:10 Tree of Eternity
09:15 Ancient of Wonders
09:52 Ancient of Wind
09:54 Ancient of Wind
10:58 Moon Well
19:08 Tree of Life
20:44 Ancient Protector
20:46 Ancient Protector
22:27 Tree of Life
» items
| Scroll of Regeneration | 1 | |
| Orb of Venom | 1 | |
| Potion of Healing | 1 | |
| Potion of Mana | 1 | |
| Anti-magic Potion | 1 | |
| Scroll of Protection | 1 | |
| Scroll of Healing | 1 | |
| Potion of Lesser Invulnerability | 1 | |
| Boots of Speed | 1 | |
| Dust of Appearance | 1 | |
10 total
GODIEPLZ (
yellow | 121 APM | 4687 actions | 38:51)
6 Death Knight
3 Death Coil
3 Unholy Aura
5 Lich
3 Frost Nova
2 Frost Armor
5 Dreadlord
3 Sleep
2 Carrion Swarm
» actions
| Assign group hotkey | 37 | |
| Basic commands | 300 | |
| Build / train | 88 | |
| Enter build submenu | 16 | |
| Enter hero's abilities submenu | 17 | |
| Give item / drop item | 4 | |
| Right click | 2421 | |
| Select / deselect | 860 | |
| Select group hotkey | 785 | |
| Use ability | 158 | |
4687 total
» units
| Acolyte | 5 | |
| Ghoul | 4 | |
| Crypt Fiend | 9 | |
| Frost Wyrm | 10 | |
| Flying Machine | 3 | |
31 total
» upgrades
| Web | 1 | |
| Freezing Breath | 1 | |
| Burrow | 1 | |
| Creature Attack | 3 | |
| Creature Carapace | 3 | |
9 total
» buildings
| Crypt | 1 | |
| Graveyard | 1 | |
| Altar of Darkness | 1 | |
| Ziggurat | 7 | |
| Tomb of Relics | 1 | |
| Nerubian Tower | 2 | |
| Halls of the Dead | 2 | |
| Spirit Tower | 2 | |
| Black Citadel | 2 | |
| Sacrificial Pit | 1 | |
| Boneyard | 2 | |
22 total
» build order
00:06 Crypt
00:18 Graveyard
00:35 Altar of Darkness
00:48 Ziggurat
01:13 Tomb of Relics
01:53 Ziggurat
03:25 Nerubian Tower
04:08 Halls of the Dead
04:08 Halls of the Dead
04:50 Nerubian Tower
04:52 Ziggurat
05:46 Ziggurat
05:49 Spirit Tower
07:27 Black Citadel
08:56 Sacrificial Pit
10:13 Boneyard
10:17 Boneyard
10:48 Ziggurat
11:06 Ziggurat
11:08 Ziggurat
21:41 Spirit Tower
» items
| Rod of Necromancy | 2 | |
| Dust of Appearance | 4 | |
| Potion of Healing | 4 | |
| Scroll of Town Portal | 4 | |
| Orb of Corruption | 2 | |
| Scroll of Healing | 3 | |
| Scroll of Protection | 2 | |
21 total
team 2 (loser)
I.SmellLikeShet (
pink | 92 APM | 3583 actions | 38:51)
4 Blademaster
2 Wind Walk
2 Critical Strike
1 Mountain King
1 Avatar
» actions
| Assign group hotkey | 9 | |
| Basic commands | 5 | |
| Build / train | 66 | |
| Enter build submenu | 45 | |
| Enter hero's abilities submenu | 5 | |
| Remove unit from queue | 3 | |
| Right click | 1364 | |
| Select / deselect | 600 | |
| Select group hotkey | 1285 | |
| Use ability | 200 | |
3583 total
» units
» upgrades
| Reinforced Defenses | 1 | |
| Liquid Fire | 1 | |
| Ranged Weapons | 1 | |
3 total
» buildings
| Altar of Storms | 2 | |
| Orc Burrow | 9 | |
| War Mill | 1 | |
| Voodoo Lounge | 3 | |
| Watch Tower | 16 | |
| Stronghold | 1 | |
| Beastiary | 8 | |
| Fortress | 1 | |
| Great Hall | 1 | |
42 total
» build order
00:05 Altar of Storms
00:17 Orc Burrow
00:50 War Mill
01:13 Voodoo Lounge
01:23 Voodoo Lounge
02:15 Watch Tower
02:38 Watch Tower
03:06 Watch Tower
03:47 Stronghold
06:17 Beastiary
06:20 Beastiary
06:24 Beastiary
06:28 Beastiary
06:32 Orc Burrow
06:37 Orc Burrow
07:57 Fortress
08:01 Watch Tower
08:10 Watch Tower
08:10 Watch Tower
09:53 Great Hall
10:09 Watch Tower
10:16 Orc Burrow
11:41 Watch Tower
12:11 Orc Burrow
12:22 Beastiary
13:49 Watch Tower
13:54 Watch Tower
14:40 Watch Tower
14:46 Watch Tower
16:37 Watch Tower
16:38 Watch Tower
21:38 Beastiary
22:37 Beastiary
22:40 Beastiary
22:48 Altar of Storms
22:52 Orc Burrow
23:49 Orc Burrow
24:58 Orc Burrow
26:56 Watch Tower
26:57 Watch Tower
28:57 Voodoo Lounge
30:42 Orc Burrow
» items
| Boots of Speed | 3 | |
| Staff of Teleportation | 1 | |
| Dust of Appearance | 1 | |
| Healing Salve | 3 | |
| Lesser Clarity Potion | 3 | |
| Potion of Healing | 2 | |
| Scroll of Town Portal | 3 | |
| Orb of Lightning | 1 | |
17 total
NightsEnd (
blue | 137 APM | 5327 actions | 38:49)
6 Mountain King
3 Storm Bolt
2 Bash
1 Avatar
» actions
| Assign group hotkey | 1030 | |
| Basic commands | 157 | |
| Build / train | 195 | |
| ESC pressed | 5 | |
| Enter build submenu | 99 | |
| Enter hero's abilities submenu | 6 | |
| Give item / drop item | 1 | |
| Remove unit from queue | 6 | |
| Right click | 2073 | |
| Select / deselect | 572 | |
| Select group hotkey | 1028 | |
| Use ability | 155 | |
5327 total
» units
| Peasant | 24 | |
| Mortar Team | -1 | |
| Flying Machine | 22 | |
45 total
» upgrades
| Masonry | 3 | |
| Gunpowder | 3 | |
| Plating | 3 | |
| Flak Cannons | 1 | |
| Flying Machine Bombs | 1 | |
11 total
» buildings
| Altar of Kings | 1 | |
| Farm | 9 | |
| Lumber Mill | 1 | |
| Scout Tower | 71 | |
| Guard Tower | 100 | |
| Arcane Tower | 7 | |
| Arcane Vault | 2 | |
| Keep | 2 | |
| Blacksmith | 1 | |
| Workshop | 2 | |
| Castle | 2 | |
198 total
» build order
00:05 Altar of Kings
00:09 Farm
00:28 Lumber Mill
00:53 Farm
01:18 Scout Tower
01:40 Scout Tower
01:45 Scout Tower
01:47 Guard Tower
02:02 Scout Tower
02:11 Scout Tower
02:14 Arcane Tower
02:15 Guard Tower
02:15 Guard Tower
02:19 Scout Tower
02:25 Farm
02:31 Scout Tower
02:34 Scout Tower
02:42 Scout Tower
02:52 Scout Tower
02:55 Scout Tower
02:58 Farm
03:00 Guard Tower
03:03 Guard Tower
03:12 Scout Tower
03:27 Guard Tower
03:28 Guard Tower
03:28 Scout Tower
03:29 Scout Tower
03:30 Guard Tower
03:31 Guard Tower
03:31 Guard Tower
03:32 Guard Tower
03:36 Scout Tower
03:44 Scout Tower
03:53 Scout Tower
03:55 Guard Tower
03:57 Scout Tower
03:58 Guard Tower
03:58 Guard Tower
03:59 Scout Tower
04:04 Guard Tower
04:04 Guard Tower
04:06 Scout Tower
04:10 Scout Tower
04:31 Guard Tower
04:32 Guard Tower
04:35 Guard Tower
04:42 Scout Tower
05:22 Guard Tower
05:23 Guard Tower
05:23 Arcane Tower
05:24 Arcane Tower
05:25 Guard Tower
05:28 Scout Tower
05:37 Scout Tower
05:38 Scout Tower
05:39 Scout Tower
05:40 Scout Tower
05:42 Scout Tower
05:56 Scout Tower
06:02 Scout Tower
06:11 Guard Tower
06:11 Guard Tower
06:12 Guard Tower
06:12 Guard Tower
06:17 Scout Tower
06:19 Guard Tower
06:19 Guard Tower
06:22 Scout Tower
06:27 Guard Tower
06:27 Guard Tower
07:02 Guard Tower
07:03 Guard Tower
07:19 Guard Tower
07:20 Scout Tower
07:21 Scout Tower
07:22 Scout Tower
07:32 Farm
07:35 Scout Tower
08:22 Guard Tower
08:22 Guard Tower
08:23 Scout Tower
08:26 Scout Tower
08:26 Guard Tower
08:28 Scout Tower
08:31 Guard Tower
08:32 Scout Tower
08:49 Arcane Vault
08:50 Guard Tower
08:50 Guard Tower
08:54 Scout Tower
08:55 Scout Tower
08:57 Scout Tower
08:59 Scout Tower
09:02 Guard Tower
09:02 Guard Tower
09:03 Scout Tower
09:07 Scout Tower
09:14 Guard Tower
09:24 Guard Tower
09:24 Guard Tower
09:26 Scout Tower
09:28 Scout Tower
09:32 Guard Tower
09:33 Guard Tower
09:33 Guard Tower
09:41 Guard Tower
09:41 Guard Tower
09:41 Guard Tower
09:49 Guard Tower
09:49 Guard Tower
09:49 Guard Tower
10:00 Guard Tower
10:00 Guard Tower
10:00 Guard Tower
10:08 Guard Tower
10:19 Scout Tower
10:34 Scout Tower
10:36 Scout Tower
10:38 Scout Tower
10:52 Arcane Tower
10:54 Scout Tower
10:56 Scout Tower
11:01 Guard Tower
11:01 Guard Tower
11:03 Scout Tower
11:33 Guard Tower
11:33 Guard Tower
11:34 Guard Tower
11:49 Guard Tower
11:59 Guard Tower
12:47 Keep
13:53 Guard Tower
13:54 Guard Tower
13:56 Scout Tower
14:10 Scout Tower
14:11 Scout Tower
14:38 Scout Tower
14:56 Guard Tower
14:56 Guard Tower
14:57 Guard Tower
15:40 Guard Tower
15:41 Guard Tower
16:41 Scout Tower
16:46 Scout Tower
16:57 Blacksmith
16:58 Scout Tower
17:01 Scout Tower
17:01 Scout Tower
17:35 Guard Tower
17:35 Guard Tower
17:37 Guard Tower
17:38 Guard Tower
17:56 Arcane Vault
18:14 Scout Tower
18:33 Workshop
18:37 Workshop
18:41 Guard Tower
18:42 Scout Tower
19:04 Farm
19:07 Farm
19:10 Scout Tower
19:11 Farm
19:21 Guard Tower
19:21 Scout Tower
19:24 Castle
19:24 Castle
19:32 Guard Tower
19:32 Guard Tower
19:34 Scout Tower
21:02 Guard Tower
21:03 Scout Tower
21:32 Guard Tower
21:33 Guard Tower
22:23 Guard Tower
22:29 Scout Tower
26:16 Guard Tower
28:32 Farm
» items
| Boots of Speed | 1 | |
| Potion of Lesser Invulnerability | 6 | |
| Staff of Teleportation | 1 | |
| Potion of Invisibility | 1 | |
| Scroll of Town Portal | 1 | |
10 total
smogabog (
red | 52 APM | 2033 actions | 38:51)
4 Warden
2 Shadow Strike
2 Blink
» actions
| Assign group hotkey | 359 | |
| Basic commands | 49 | |
| Build / train | 59 | |
| ESC pressed | 4 | |
| Enter build submenu | 18 | |
| Enter hero's abilities submenu | 4 | |
| Remove unit from queue | 2 | |
| Right click | 847 | |
| Select / deselect | 248 | |
| Select group hotkey | 354 | |
| Use ability | 85 | |
2033 total
» units
» upgrades
| Ultravision | 1 | |
| Well Spring | 1 | |
| Strength of the Wild | 2 | |
| Corrosive Breath | 1 | |
5 total
» buildings
| Altar of Elders | 2 | |
| Moon Well | 10 | |
| Ancient of Wonders | 1 | |
| Hunter's Hall | 1 | |
| Tree of Ages | 1 | |
| Tree of Eternity | 1 | |
| Ancient of Wind | 1 | |
| Chimaera Roost | 2 | |
| Tree of Life | 1 | |
20 total
» build order
00:09 Altar of Elders
00:19 Moon Well
01:41 Moon Well
02:58 Moon Well
03:28 Ancient of Wonders
03:30 Hunter's Hall
03:34 Moon Well
04:50 Tree of Ages
05:03 Moon Well
06:27 Moon Well
07:18 Moon Well
07:54 Tree of Eternity
07:58 Moon Well
08:01 Moon Well
08:24 Moon Well
08:39 Ancient of Wind
10:24 Chimaera Roost
10:25 Chimaera Roost
29:01 Tree of Life
32:10 Altar of Elders
» items
| Boots of Speed | 1 | |
| Healing Salve | 1 | |
| Lesser Clarity Potion | 1 | |
| Orb of Lightning | 1 | |
| Potion of Healing | 2 | |
| Potion of Mana | 1 | |
| Scroll of Town Portal | 1 | |
| Potion of Lesser Invulnerability | 1 | |
9 total
Chat log
(00:12 / All) CORRUPTEDEVIL: u guys know
(00:15 / All) CORRUPTEDEVIL: u dont have an ud
(00:16 / All) CORRUPTEDEVIL: right?
(00:23 / All) smogabog: im gay and im proud
(00:27 / All) CORRUPTEDEVIL: ;o
(00:40 / Allies) CORRUPTEDEVIL: share
(00:41 / Allies) CORRUPTEDEVIL: ;d
(01:01 / All) GODIEPLZ: i will attack
(01:02 / All) GODIEPLZ: and u dont want that.
(01:52 / Allies) CORRUPTEDEVIL: so
(01:56 / Allies) CORRUPTEDEVIL: my dad called me today
(02:03 / Allies) CORRUPTEDEVIL: and i havent seen him
(02:05 / Allies) CORRUPTEDEVIL: in yrs
(11:16 / All) CORRUPTEDEVIL: U GUYS MADE THIS SUCH A BORING GAME
(14:14 / All) I.SmellLikeShet: yea i have bats so what?
(14:22 / All) CORRUPTEDEVIL: ;o
(14:24 / All) I.SmellLikeShet: dont hate
(14:34 / Allies) CORRUPTEDEVIL: ?
(17:29 / All) CORRUPTEDEVIL: i feel dirty
(17:37 / All) I.SmellLikeShet: u should
(17:42 / All) I.SmellLikeShet: u plagarized our strat
(17:49 / All) GODIEPLZ: not really
(17:53 / All) I.SmellLikeShet: Yea really
(18:01 / All) CORRUPTEDEVIL: U TOWER BAD
(18:19 / Allies) CORRUPTEDEVIL: SHUD PUSH
(18:20 / Allies) CORRUPTEDEVIL: THIS
(18:25 / Allies) CORRUPTEDEVIL: CAUSE HE HAS LIKE 5 TOWERS
(18:25 / Allies) CORRUPTEDEVIL: MAX
(20:45 / All) GODIEPLZ: man how'd u learn dis strat
(20:46 / All) GODIEPLZ: mass towas
(20:55 / All) CORRUPTEDEVIL: WE BROKE U GUYS
(22:26 / All) I.SmellLikeShet: fuck u faggots
(22:27 / All) GODIEPLZ: Man never seen dis strat b4
(22:29 / All) I.SmellLikeShet: copying strats
(22:30 / All) GODIEPLZ: How u do it
(22:31 / All) I.SmellLikeShet: learn ur own strats
(22:36 / All) CORRUPTEDEVIL: HURRR
(22:41 / All) GODIEPLZ: man what is dis
(22:44 / All) GODIEPLZ: never b4 been dun man
(23:07 / All) I.SmellLikeShet: lol u idiot ofcourse its been done
(23:13 / All) I.SmellLikeShet: but its not being done properly
(23:17 / All) CORRUPTEDEVIL: we do it the best
(23:18 / All) GODIEPLZ: right lol
(23:20 / All) GODIEPLZ: thats why u lost
(23:23 / All) I.SmellLikeShet: blue took the phrase lots of towers out of proportion
(23:32 / All) NightsEnd: bah i hate proto
(23:34 / All) GODIEPLZ: No pink
(23:35 / All) GODIEPLZ: lost the game for u
(23:36 / All) GODIEPLZ: idiot
(23:45 / All) I.SmellLikeShet: lol 1v1 asshole?
(23:54 / All) CoLeGePaRtYeR17: i own u 1v1
(23:58 / All) I.SmellLikeShet: haha yea right
(24:01 / All) I.SmellLikeShet: not with ur micro
(24:03 / All) CoLeGePaRtYeR17: u sure?
(24:03 / All) GODIEPLZ: right..
(24:07 / All) I.SmellLikeShet: Yea im sure
(25:54 / All) GODIEPLZ: blue u r so dubm
(26:34 / All) GODIEPLZ: u cannt woin
(26:36 / All) GODIEPLZ: we have 7 k banked
(26:40 / All) GODIEPLZ: u have 1 expo
(30:18 / All) GODIEPLZ: micro that fucker
(31:12 / All) CORRUPTEDEVIL: 15K
(31:13 / All) CORRUPTEDEVIL: BTW
(31:21 / All) GODIEPLZ: No way u will win
(31:23 / All) I.SmellLikeShet: 150k irl age 22 gg
(31:31 / All) CoLeGePaRtYeR17: uh lol
(31:34 / All) CoLeGePaRtYeR17: i fucked 17 chicks
(31:37 / All) CORRUPTEDEVIL: 200K PER MIN
(31:37 / All) I.SmellLikeShet: Yea owned
(31:46 / All) I.SmellLikeShet: 17 chicks?
(31:51 / All) CORRUPTEDEVIL: 20 SUPERMODELS?
(31:54 / All) I.SmellLikeShet: arent u afraid of getting diseases from birds?
(31:57 / All) smogabog: age: 22, merill lynch investment banker 350k
(32:11 / All) CORRUPTEDEVIL: I WORK AT GOLDMAN
(32:14 / All) CORRUPTEDEVIL: U MAD?
(32:20 / All) smogabog: why would i be mad
(32:25 / All) I.SmellLikeShet: lol
(32:27 / All) I.SmellLikeShet: like hell u work there
(32:31 / All) CORRUPTEDEVIL: CAUSE ITS BETTER THEN U
(32:53 / All) GODIEPLZ: Wow dat waz 2 ez
(33:03 / All) NightsEnd: just like your mother last night =P
(33:10 / All) NightsEnd: =D
(33:35 / Allies) CORRUPTEDEVIL: SO I JUST HEARD EVERYTHING
(33:36 / Allies) CORRUPTEDEVIL: AT ONCE
(33:47 / All) I.SmellLikeShet: if u worked at goldman u would know mike unger
(33:51 / All) I.SmellLikeShet: u know him?
(34:02 / All) CORRUPTEDEVIL: IS HE UR DAD?
(34:06 / All) GODIEPLZ: Jus leave gg
(34:10 / All) I.SmellLikeShet: no
(34:10 / All) GODIEPLZ: U tried ur hardest gg
(34:13 / All) I.SmellLikeShet: my buddy
(34:15 / All) I.SmellLikeShet: i work at BMO
(34:27 / All) CORRUPTEDEVIL: WHY U PLAYING WC
(34:48 / All) smogabog: BMO as what
(35:06 / All) I.SmellLikeShet: senior financial analyst
(35:23 / All) I.SmellLikeShet: in the derivative office
(35:36 / All) GODIEPLZ: right click da heroes
(35:38 / All) GODIEPLZ: Dat will win u da game
(35:40 / All) GODIEPLZ: back2badtown
(37:17 / All) GODIEPLZ: nice try
(37:20 / All) GODIEPLZ: i suspect u hid some buildings
(37:28 / All) I.SmellLikeShet: i cant confirm or deny that
(37:35 / All) GODIEPLZ: yeah u prolly did
(38:25 / All) I.SmellLikeShet: k peace fagols
(38:34 / All) I.SmellLikeShet: have fun making my orange juice tomorrow mornign
(38:49 / All) smogabog: if i ever see U